 Dungeon Crawl Stone Soup version 0.21-a0-529-g8c7b3f5 (webtiles) character file.

51 Atlas the Magician (level 3, -3/25 HPs)
             Began as a Mummy Wizard on Dec 10, 2017.
             Slain by Natasha (5 damage)
             ... on level 2 of the Dungeon.
             The game lasted 00:04:11 (2201 turns).

Atlas the Magician (Mummy Wizard)                   Turns: 2201, Time: 00:04:12

Health: -3/25      AC:  3    Str: 10    XL:     3   Next: 57%
Magic:  1/9        EV: 12    Int: 18    God:
Gold:   152        SH:  0    Dex: 10    Spells: 2/12 levels left

rFire    x . .     SeeInvis +   (no weapon)
rCold    + . .     Gourm    .   (no shield)
rNeg     + + +     Faith    .   a - +0 robe
rPois    ∞         Spirit   .   b - +0 hat
rElec    .         Reflect  .   (no cloak)
rCorr    .         Harm     .   e - +0 pair of gloves
MR       .....                  (no boots)
Stlth    ++........             (no amulet)
HPRegen  0.08/turn              g - ring of see invisible
MPRegen  0.11/turn              (no ring)

@: very slightly contaminated, slowed, very slow
A: no food or potions, fire vulnerability, cold resistance 1, negative energy
resistance 3, torment resistance, unbreathing
a: no special abilities


You were on level 2 of the Dungeon.
You were not hungry.

You visited 1 branch of the dungeon, and saw 2 of its levels.

You collected 152 gold pieces.

Inventory:

Armour
 a - a +0 robe (worn)
 b - a +0 hat (worn)
 e - a +0 pair of gloves (worn)
Jewellery
 g - a ring of see invisible (left hand)
Scrolls
 d - 2 scrolls of remove curse {unknown}
 f - 3 scrolls of identify {unknown}
 h - a scroll of teleportation {unknown}
Books
 c - a book of Minor Magic

   Spells                             Type                      Level
   a - Magic Dart                     Conjuration                  1
   b - Blink                          Translocation                2
   c - Call Imp                       Summoning                    2
   d - Slow                           Hexes                        2
   e - Conjure Flame                  Conjuration/Fire             3
   f - Mephitic Cloud                 Conjuration/Poison/Air       3


   Skills:
 + Level 0.6 Fighting
 + Level 2.0 Dodging
 - Level 1.5 Stealth
 + Level 5.0 Spellcasting
 + Level 1.5 Conjurations
 + Level 0.7 Summonings
 + Level 0.7 Translocations


You had 2 spell levels left.
You knew the following spells:

 Your Spells              Type           Power        Failure   Level  Hunger
a - Magic Dart            Conj           #...         7%          1    N/A
b - Blink                 Tloc           N/A          16%         2    N/A
c - Mephitic Cloud        Conj/Pois/Air  #.......     32%         3    N/A
d - Slow                  Hex            #.......     21%         2    N/A
e - Call Imp              Summ           #.......     16%         2    N/A

Dungeon Overview and Level Annotations

Branches:
Dungeon (2/15)

Altars:

Annotations:
D:2 Natasha, Sigmund


Innate Abilities, Weirdness & Mutations

You do not eat or drink.
Your flesh is vulnerable to fire.
You are immune to poison.
Your flesh is cold resistant. (rC+)
You are immune to negative energy. (rN+++)
You are immune to unholy pain and torment.
You can survive without breathing.


Message History

Confirm with . or Enter, or press ? or * to list all spells.
Aiming: Magic Dart
Press: ? - help, Shift-Dir - straight line, f/p - Natasha
Aim: Natasha (moderately wounded)
The magic dart hits Natasha.
Natasha is heavily wounded.
Your crimson imp barely misses Natasha.
Natasha claws you.
* * * LOW HITPOINT WARNING * * *
Unknown command.
You hit Natasha.
Natasha is heavily wounded.
The crimson imp completely misses you.
Your crimson imp blinks!
Natasha claws you but does no damage.
The crimson imp hits you but does no damage. x2
Unknown command.
You hit Natasha but do no damage.
Natasha is heavily wounded.
The crimson imp blinks!
Natasha claws you.
You die...

..##..# ..##..# ..######
......######### #....... ..
..###.........# ###.....# ... ..#
#.........# .......# .. ..#
#.!.......# #.....# ##.##
..###.....5...# #.....# #....
5.............#######.....###....
..%..####.##..§h@.........(......
..#............§5.###.###.#.#....
..#..##.........#.#............#+
..#..##..#........#.#.#######....
#.#..##..#........#.#.# #.#..
#.#..#...#........#.#.#######.#..
#.#..#...#.####.#.#.#.........#..
..#..#...#.# #.#.#.#..#####..#..
.........#.# #.#.#.#..#####..#..


You could see Natasha and 2 crimson imps.

Vanquished Creatures
  An adder (D:2)
  3 dart slugs (D:1)
  2 leopard geckos
  2 giant cockroaches (D:1)
  2 goblins
  6 hobgoblins
  3 bats (D:1)
  5 kobolds (D:1)
  9 rats
33 creatures vanquished.

Vanquished Creatures (collateral kills)
  A goblin (D:2)
  A hobgoblin (D:2)
2 creatures vanquished.

Grand Total: 35 creatures vanquished

Notes
Turn   | Place    | Note
-------+----------+-------------------------------------------
     0 | D:1      | Atlas the Mummy Wizard began the quest for the Orb.
     0 | D:1      | Reached XP level 1. HP: 13/13 MP: 5/5
   599 | D:1      | Reached XP level 2. HP: 20/20 MP: 2/7
   759 | D:1      | Learned a level 2 spell: Blink
   762 | D:1      | Learned a level 2 spell: Call Imp
   765 | D:1      | Learned a level 2 spell: Slow
   845 | D:1      | Reached skill level 1 in Conjurations
  1332 | D:1      | Reached XP level 3. HP: 24/25 MP: 0/9
  1718 | D:2      | Learned a level 3 spell: Mephitic Cloud
  1740 | D:2      | Noticed Sigmund
  1937 | D:2      | Reached skill level 5 in Spellcasting
  1955 | D:2      | Noticed Natasha
  2174 | D:2      | HP: 1/25 [shadow imp[Natasha] (4)]
  2201 | D:2      | Slain by Natasha

Vault maps used:
D:1:      dpeg_arrival_ratfight
D:2:      grunt_ministairs_1, roderic_lattice_a, uniq_sigmund, uniq_natasha,
          uniq_jessica

Skill      XL: |  1  2  3 |
---------------+----------+-----
Conjurations   | 1 |  1.5
Dodging        | 2 |  2.0
Spellcasting   | 5 |  5.0
Fighting       | |  0.6
Stealth        | |  1.5
Summonings     | |  0.7
Translocations | |  0.7

Action                   || total
-------------------------++-------
Melee: Unarmed           ||    85
 Cast: Magic Dart        ||    93
       Call Imp          ||     5
       Blink             ||     1
Armor: Robe              ||    22
Dodge: Dodged            ||    73

Table legend:
 A = Spawn XP
 B = Non-spawn XP
 C = Spawn XP percentage of total XP
 D = Spawn monster count
 E = Non-spawn monster count
 F = Spawn count percentage of total count
 G = Total turns spent on level
                    A         B        C        D         E        F      G
               +---------+---------+-------+---------+---------+-------+---------
         Total |       0 |      73 |   0.0 |       0 |      35 |   0.0 |  2201
               +---------+---------+-------+---------+---------+-------+---------
           D:1 |       0 |      47 |   0.0 |       0 |      27 |   0.0 |  1643
           D:2 |       0 |      26 |   0.0 |       0 |       8 |   0.0 |   558
               +---------+---------+-------+---------+---------+-------+---------
